 Dungeon Crawl Stone Soup version 0.16-a0-2839-gd16e107 (webtiles) character file.

230 Johnny the Conjurer (level 5, -17/40 HPs)
             Began as a Demigod Conjurer on Nov 29, 2014.
             Demolished by Pikel
             ... wielding a +0 whip of electrocution
              (20 damage)
             ... on level 4 of the Dungeon.
             The game lasted 00:09:19 (4087 turns).

Johnny the Conjurer (Demigod Conjurer)              Turns: 4087, Time: 00:09:20

Health: -17/40     AC:  3    Str: 11    XL:     5   Next: 43%
Magic:  0/13       EV: 15    Int: 21    God:
Gold:   96         SH:  0    Dex: 16    Spells: 3 memorised, 3 levels left

rFire  + . .     SeeInvis .     s - +0 arbalest
rCold  . . .     Clarity  .     g - +0 leather armour
rNeg   . . .     SustAb   +     (no shield)
rPois  .         Gourm    .     E - +0 hat
rElec  .         Spirit   .     (no cloak)
rCorr  .         Warding  .     (no gloves)
rMut   .         Stasis   .     (no boots)
MR     .....                    (no amulet)
Stlth  ++........               D - +3 ring of evasion
                                B - ring of protection from fire

@: not resistant to hostile enchantments, unstealthy
A: sustain abilities
a: no special abilities


You were on level 4 of the Dungeon.
You were very hungry.

You visited 1 branch of the dungeon, and saw 4 of its levels.

You collected 96 gold pieces.

Inventory:

Hand weapons
 l - a +1 dagger of speed
 s - a +0 arbalest (weapon)
Missiles
 r - 19 bolts (quivered)
 A - 19 poisoned bolts
Armour
 g - a +0 leather armour (worn)
 v - a cursed +0 shield
 E - a +0 hat (worn)
Jewellery
 B - a ring of protection from fire (left hand)
 D - a +3 ring of evasion (right hand)
Scrolls
 k - 2 scrolls of random uselessness {unknown}
 m - a scroll of noise {unknown}
 q - a scroll of enchant armour {unknown}
 u - a scroll of recharging {unknown}
 y - 2 scrolls of remove curse
 z - a scroll of magic mapping {unknown}
 C - 2 scrolls of identify
Potions
 d - a potion of might
 e - a potion of cancellation {unknown}
 h - a potion of lignification {unknown}
 i - a potion of invisibility {unknown}
 j - a potion of agility {unknown}
 n - a potion of confusion {unknown}
 o - a potion of brilliance {unknown}
 t - a potion of curing {unknown}
 w - 2 potions of poison {unknown}
 x - a potion of mutation {unknown}
Books
 c - a book of Conjurations

   Spells                             Type                      Level
   a - Magic Dart                     Conjuration                  1
   b - Searing Ray                    Conjuration                  2
   c - Dazzling Spray                 Conjuration/Hexes            3
   d - Fulminant Prism                Conjuration/Hexes            4
   e - Iskenderun's Mystic Blast      Conjuration                  4
   f - Iskenderun's Battlesphere      Conjuration/Charms           5
Comestibles
 b - 2 bread rations


   Skills:
 + Level 1.5 Fighting
 * Level 1.1 Crossbows
 + Level 1.0 Armour
 * Level 3.2 Dodging
 - Level 1.7 Stealth
 * Level 2.9 Spellcasting
 * Level 4.2 Conjurations


You had 3 spell levels left.
You knew the following spells:

 Your Spells              Type           Power        Failure   Level  Hunger
a - Magic Dart            Conj           ###.         1%          1    None
b - Searing Ray           Conj           ###...       3%          2    ##.....
c - Dazzling Spray        Conj/Hex       ##......     21%         3    ###....


Dungeon Overview and Level Annotations

Branches:
Dungeon (4/15)
 Temple: D:4-7

Annotations:
D:4 Pikel


Innate Abilities, Weirdness & Mutations

Your attributes are resistant to harm.


Message History

Unknown command.
Firing (i - inventory. (,) - cycle):
r - 21 bolts (quivered)
Press: ? - help, Shift-Dir - straight line, f/p - Pikel
Aim: Pikel, wielding a whip of electrocution and wearing a robe (severely wounded)
You shoot a bolt. The bolt closely misses Pikel.
Pikel hits you but does no damage.
You are electrocuted!
Pikel hits you with a whip of electrocution.
* * * LOW HITPOINT WARNING * * *
Firing (i - inventory. (,) - cycle):
r - 20 bolts (quivered)
Press: ? - help, Shift-Dir - straight line, f/p - Pikel
Aim: Pikel, wielding a whip of electrocution and wearing a robe (severely wounded)
You shoot a bolt. The bolt hits Pikel but does no damage.
Pikel is severely wounded.
Pikel misses you. The slave hits you!
* * * LOW HITPOINT WARNING * * *
Pikel hits you with a whip of electrocution.
* * * LOW HITPOINT WARNING * * *
You are electrocuted!
Ouch! That really hurt!
You die...

##.....## .#
#####..## .#
##..###.##
##......###
##.......###
#...........
##.....##### ###
##.p....##
.(...#..K@....###..
...(..............#
......†..........##
................#
..............#..#
.............## .
......#......#
.....#...##..#
...##...# #..


You could see Pikel and a slave.

Vanquished Creatures
  An ogre (D:4)
  A hound skeleton (D:4)
  3 adders
  3 worms (D:2)
  An ooze (D:3)
  4 orcs (D:3)
  2 ball pythons
  6 goblins
  11 hobgoblins
  11 jackals
  7 bats
  5 giant newts
  10 kobolds
  3 rats
68 creatures vanquished.

Notes
Turn   | Place    | Note
--------------------------------------------------------------
     0 | D:1      | Johnny, the Demigod Conjurer, began the quest for the Orb.
     0 | D:1      | Reached XP level 1. HP: 14/14 MP: 3/3
   505 | D:1      | Reached XP level 2. HP: 20/22 MP: 0/4
  1380 | D:2      | Reached XP level 3. HP: 12/27 MP: 0/8
  1699 | D:2      | Reached skill level 1 in Fighting
  2088 | D:2      | Reached skill level 4 in Conjurations
  2248 | D:2      | Learned a level 2 spell: Searing Ray
  2252 | D:2      | Learned a level 3 spell: Dazzling Spray
  2461 | D:2      | Reached XP level 4. HP: 20/35 MP: 1/11
  3664 | D:4      | Noticed an ogre
  3683 | D:4      | Killed an ogre
  3683 | D:4      | Reached skill level 1 in Crossbows
  3683 | D:4      | Reached XP level 5. HP: 5/40 MP: 0/13
  4005 | D:4      | Reached skill level 1 in Armour
  4076 | D:4      | Noticed Pikel
  4081 | D:4      | Noticed a slave
  4087 | D:4      | Demolished by Pikel

Action                   |  1- 3 |  4- 6 || total
-------------------------+-------+-------++-------
Melee: Dagger            |    64 |     9 ||    73
       Hand axe          |     1 |       ||     1
       Short sword       |    26 |       ||    26
 Fire: Arbalest          |       |    11 ||    11
 Cast: Magic Dart        |    91 |    38 ||   129
       Dazzling Spray    |     1 |     8 ||     9
       Searing Ray       |     1 |     4 ||     5
  Use: Scroll            |     5 |       ||     5
 Stab: Sleeping          |     1 |       ||     1
  Eat: Chunk             |     1 |     4 ||     5
       Meat ration       |     1 |       ||     1
